 Dungeon Crawl Stone Soup version 0.24.1 (webtiles) character file.

Game seed: 2756860261397438299, levelgen mode: deterministic

2867 Destapler the Quickloader (level 10, -6/59 HPs)
             Began as a Kobold Hunter on Mar 31, 2020.
             Was a Priest of Okawaru.
             Killed by divine providence
             ... invoked by an orc priest
              (14 damage)
             ... on level 7 of the Dungeon.
             The game lasted 00:20:36 (6045 turns).

Destapler the Quickloader (Kobold Hunter)           Turns: 6045, Time: 00:20:36

Health: -6/59      AC:  9    Str: 10    XL:     10   Next: 4%
Magic:  10/10      EV: 19    Int: 13    God:    Okawaru [***...]
Gold:   434        SH:  0    Dex: 18    Spells: 9/9 levels left

rFire    . . .     SeeInvis .   a - +5 dagger (drain)
rCold    . . .     Gourm    .   (shield restricted)
rNeg     . . .     Faith    .   c - +0 leather armour
rPois    .         Spirit   .   v - +1 helmet
rElec    .         Reflect  .   (no cloak)
rCorr    .         Harm     .   (no gloves)
MR       .....                  (no boots)
Stlth    ++++......             (no amulet)
HPRegen  0.19/turn              t - +4 ring of protection
MPRegen  0.12/turn              (no ring)

@: marked
A: small, carnivore
a: Heroism, Renounce Religion


You were on level 7 of the Dungeon.
You worshipped Okawaru.
Okawaru was most pleased with you.
You were very full.

You visited 1 branch of the dungeon, and saw 7 of its levels.
You also visited: Sewer.

You collected 434 gold pieces.

Inventory:

Hand Weapons
 a - a +5 dagger of draining (weapon)
 b - a +1 hand crossbow
Missiles
 d - 28 bolts
 j - 46 poisoned darts
 p - 5 javelins
 w - a curare-tipped dart (quivered)
 y - 8 silver javelins
Armour
 c - a +0 leather armour (worn)
 v - a +1 helmet (worn)
Jewellery
 s - an uncursed ring of magical power {unknown}
 t - a +4 ring of protection (left hand)
 z - the amulet of the Four Winds {rN+ MR+++ Clar}
   (You found it on level 5 of the Dungeon)

   [amulet of nothing]

   It protects you from negative energy.
   It affects your resistance to hostile enchantments.
   It protects you against confusion.
Wands
 u - a wand of flame (16)
 A - a wand of disintegration (9)
Scrolls
 e - a scroll of blinking
 g - 8 scrolls of remove curse
 i - a scroll of fog
 m - 2 scrolls of enchant armour
 q - 5 scrolls of identify
 B - a scroll of fear {unknown}
Potions
 h - a potion of agility {unknown}
 l - a potion of curing
 n - a potion of flight
 r - a potion of heal wounds
 x - a potion of resistance {unknown}
Comestibles
 f - 15 rations
 k - 4 chunks of flesh


   Skills:
 - Level 5.0 Fighting
 * Level 7.0 Short Blades
 - Level 10.0 Crossbows
 + Level 7.5 Dodging
 + Level 8.7 Stealth


You had 9 spell levels left.
You didn't know any spells.
Your spell library was empty.

Dungeon Overview and Level Annotations

Branches:
Dungeon (7/15)             Temple (0/1) D:4           Sewer (visited)

Altars:
Dithmenos
Nemelex Xobeh
Okawaru
Ru


Innate Abilities, Weirdness & Mutations

You are small and have problems with some larger weapons.
You are carnivorous and can eat meat at any time.


Message History

a +0 flail; a bolt; an orc corpse You hit the orc priest.
The orc priest is moderately wounded.
You hit the orc priest but do no damage.
You drain the orc priest.
The orc priest is heavily wounded.
The orc priest closely misses you.
You hit the orc priest.
The orc priest is heavily wounded.
You hit the orc priest but do no damage.
The orc priest is heavily wounded.
The orc priest calls down the wrath of Beogh upon you.
Pain shoots through your body!
* * * LOW HITPOINT WARNING * * *
You hit the orc priest. You drain the orc priest.
The orc priest is almost dead.
A worker ant comes into view.
The orc priest mumbles some strange prayers to Beogh against you.
Beogh smites you!
You die...

### ########.##
#.a.......#
#)######.########
########)#
#.รท.......
#.(.((o@.#
#.########
#.#############.#
#(# #....<...#
#.# #.######.#
#o# #.# #.######
#.# #.(.@{o# #.#
######(# #.# .o.
#..


You could see a worker ant and an orc priest.

Vanquished Creatures
  Harold (D:7)
  A steam dragon (D:6)
  An orc warrior (D:6)
  4 sky beasts
  An ice beast (D:4)
  3 ogres
  A centaur (D:5)
  A big kobold (Sewer)
  4 bullfrogs
  A scorpion (D:4)
  A bullfrog zombie (D:5)
  2 crimson imps (D:5)
  A quasit (D:5)
  3 bullfrog skeletons
  A centaur skeleton (D:6)
  5 orc wizards
  An iguana (D:6)
  4 worker ants
  Robin (D:3)
  A worker ant zombie (D:6)
  6 adders
  A river rat (D:4)
  2 worms
  4 dart slugs (D:1)
  8 leopard geckos
  29 orcs
  8 bats
  4 giant cockroaches
  14 goblins
  8 hobgoblins
  7 jackals
  2 quokkas
  4 ball pythons
  4 frilled lizards
  12 kobolds
  A quokka skeleton (D:6)
  16 rats
168 creatures vanquished.

Vanquished Creatures (others)
  2 fungi (D:5)
  4 toadstools (D:1)
6 creatures vanquished.

Grand Total: 174 creatures vanquished

Notes
Turn   | Place    | Note
-------+----------+-------------------------------------------
     0 | D:1      | Destapler the Kobold Hunter began the quest for the Orb.
     0 | D:1      | Reached XP level 1. HP: 12/12 MP: 1/1
   156 | D:1      | Reached XP level 2. HP: 18/18 MP: 2/2
   313 | D:1      | Reached skill level 1 in Short Blades
   313 | D:1      | Reached skill level 5 in Crossbows
   613 | D:1      | Reached XP level 3. HP: 22/22 MP: 3/3
  1272 | D:2      | Reached XP level 4. HP: 27/27 MP: 4/4
  2120 | D:3      | Reached XP level 5. HP: 32/32 MP: 5/5
  2402 | D:3      | Noticed Robin
  2409 | D:3      | Killed Robin
  2437 | D:3      | Found a shadowy altar of Dithmenos.
  2608 | D:3      | Found an iron altar of Okawaru.
  2608 | D:3      | Found a sparkling altar of Nemelex Xobeh.
  2612 | D:3      | Became a worshipper of Warmaster Okawaru
  2959 | D:4      | Reached skill level 6 in Crossbows
  2959 | D:4      | Reached XP level 6. HP: 37/37 MP: 6/6
  2994 | D:4      | Found a glowing drain.
  3005 | Sewer    | Entered a sewer
  3122 | Sewer    | Found a glowing silver altar of Zin.
  3257 | D:4      | Found a staircase to the Ecumenical Temple.
  3275 | D:4      | Noticed an ogre
  3285 | D:4      | Killed an ogre
  3285 | D:4      | Reached XP level 7. HP: 42/42 MP: 7/7
  3671 | D:5      | Entered Level 5 of the Dungeon
  3736 | D:4      | Reached * piety under Okawaru
  3736 | D:4      | Reached skill level 7 in Crossbows
  3872 | D:5      | Reached skill level 5 in Stealth
  3873 | D:5      | Reached skill level 5 in Dodging
  3873 | D:5      | Reached XP level 8. HP: 48/48 MP: 8/8
  4031 | D:4      | Reached skill level 8 in Crossbows
  4053 | D:5      | Reached ** piety under Okawaru
  4136 | D:5      | Found the amulet of the Four Winds {rN+ MR+++ Clar}
  4452 | D:5      | Reached skill level 5 in Fighting
  4517 | D:5      | Found a sacrificial altar of Ru.
  4966 | D:6      | Reached skill level 9 in Crossbows
  4966 | D:6      | Reached XP level 9. HP: 16/54 MP: 9/9
  5564 | D:6      | Reached *** piety under Okawaru
  5674 | D:6      | Reached skill level 10 in Crossbows
  5975 | D:7      | Noticed Harold
  6030 | D:7      | Killed Harold
  6030 | D:7      | Received a gift from Okawaru
  6030 | D:7      | Reached XP level 10. HP: 19/59 MP: 10/10
  6045 | D:7      | Killed from afar by an orc priest

Levels and vault maps discovered:
D:1:      dpeg_arrival_circle_labyrinth_c, layout_loops_corners,
          minmay_gold_behind_fungi
D:2:      layout_basic, first_ration
D:3:      layout_loops_ring, nicolae_dithmenos_shadow_blocks,
          gammafunk_temple_overflow_wave, chequers_serial_rivers_room_a,
          guppyfry_early_lair_pool, uniq_robin
D:4:      layout_cave_pools, minmay_temple_entry_mini_moons, serial_glass,
          glass_columns_b, glass_columns_b, glass_columns_a, glass_columns_a,
          glass_columns_b, glass_columns_b, glass_columns_a, glass_columns_a,
          glass_columns_a, glass_columns_b, gup_sewer_entry_bubbles,
          dk_noncrumbling_2
D:5:      kennysheep_steamy, layout_gridville, marbit_many_paths
D:6:      layout_loops_cross
D:7:      layout_loops_ring, minivault_1, grunt_livestock, uniq_harold,
          uniq_duvessa

Skill      XL: |  1  2  3  4  5  6  7  8  9 10 |
---------------+-------------------------------+-----
Short Blades   | 1 3 6 7 |  7.0
Crossbows      | 5 6 7 9 10 | 10.0
Stealth        | 2 3 4 5 6 8 |  8.7
Dodging        | 3 4 5 6 7 |  7.5
Fighting       | 3 4 5 |  5.0

Action                   |  1- 3 |  4- 6 |  7- 9 | 10-12 || total
-------------------------+-------+-------+-------+-------++-------
Melee: Dagger            |       |    33 |   223 |    11 ||   267
 Fire: Hand crossbow     |    73 |   130 |    73 |       ||   276
Throw: Dart              |       |       |     8 |       ||     8
       Throwing net      |       |       |     1 |       ||     1
  Use: Scroll            |       |     8 |       |       ||     8
       Potion            |       |     3 |     2 |       ||     5
 Stab: Sleeping          |       |       |     4 |       ||     4
  Eat: Chunk             |     9 |     7 |     8 |       ||    24
Armor: Leather armour    |     4 |    10 |    48 |       ||    62
Dodge: Dodged            |    24 |    34 |   168 |     5 ||   231
